 Dungeon Crawl Stone Soup version 0.22.0-49-gab54619 (webtiles) character file.

377 Fang the Chopper (level 6, -4/58 HPs)
             Began as a Gargoyle Berserker on Sept 6, 2018.
             Was a Priest of Trog.
             Killed by divine providence
             ... invoked by an orc priest
              (8 damage)
             ... on level 4 of the Dungeon on Sept 7, 2018.
             The game lasted 00:04:37 (3952 turns).

Fang the Chopper (Gargoyle Berserker)               Turns: 3952, Time: 00:04:38

Health: -4/58      AC:  6    Str: 27    XL:     6   Next: 73%
Magic:  6/6        EV: 12    Int:  8    God:    Trog [***...]
Gold:   142        SH:  0    Dex:  9    Spells: 5/5 levels left

rFire    . . .     SeeInvis .   a - +0 hand axe
rCold    . . .     Gourm    .   (no shield)
rNeg     + . .     Faith    .   b - +0 animal skin
rPois    ∞         Spirit   .   (no helmet)
rElec    +         Reflect  .   (no cloak)
rCorr    .         Harm     .   (no gloves)
MR       .....                  (no boots)
Stlth    ..........             (no amulet)
HPRegen  0.19/turn              (no ring)
MPRegen  0.10/turn              (no ring)

@: berserking, very quick
A: negative energy resistance 1, electricity resistance, unbreathing,
petrification resistance, rot immunity, AC +4
a: Berserk, Trog's Hand, Renounce Religion


You were on level 4 of the Dungeon.
You worshipped Trog.
Trog was most pleased with you.
You were very hungry.

You visited 1 branch of the dungeon, and saw 4 of its levels.

You collected 142 gold pieces.

Inventory:

Hand Weapons
 a - a +0 hand axe (weapon)
Armour
 b - a +0 animal skin (worn)
Scrolls
 e - 5 scrolls of teleportation {unknown}
 f - a scroll of blinking {unknown}
 g - 2 scrolls of fear {unknown}
 h - 4 scrolls of identify {unknown}
 j - a scroll of random uselessness {unknown}
 k - 2 scrolls of magic mapping {unknown}
 m - a scroll of remove curse {unknown}
 o - a scroll of amnesia {unknown}
 p - a scroll of immolation {unknown}
Potions
 d - a potion of lignification {unknown}
 i - a potion of mutation {unknown}
 l - a potion of might {unknown}
 n - a potion of heal wounds {unknown}
 q - a potion of curing {unknown}
Comestibles
 c - 10 rations


   Skills:
 + Level 4.7 Fighting
 + Level 5.1 Axes
 + Level 2.3 Armour
 + Level 2.7 Dodging
 + Level 1.8 Stealth


You had 5 spell levels left.
You didn't know any spells.
Your spell library was empty.

Dungeon Overview and Level Annotations

Branches:
Dungeon (4/15)
 Temple: D:4-7

Altars:
Hepliaklqana
Okawaru


Innate Abilities, Weirdness & Mutations

You are resistant to torment.
Your stone body is resilient. (AC +4)
You are immune to poison.
You resist negative energy. (rN+)
You are resistant to electric shocks. (rElec)
You can survive without breathing.
You are immune to petrification.
You are immune to rotting.


Message History

The orc priest miscasts a cantrip.
You hit the orc wizard.
The orc wizard is moderately wounded.
You barely miss the hound. The hound barely misses you.
The orc wizard hits you with a dagger.
* * * LOW HITPOINT WARNING * * *
The hound bites you.
* * * LOW HITPOINT WARNING * * *
You slash the orc wizard!
The orc wizard is almost dead.
You miss the hound. The hound bites you.
* * * LOW HITPOINT WARNING * * *
Unknown command.
You closely miss the orc wizard.
The orc wizard is almost dead.
You barely miss the orc. You closely miss the hound.
The orc wizard hits you but does no damage.
The orc priest mumbles some strange prayers to Beogh against you.
Beogh smites you!
You die...

# ###.####.# #.
#......[.# #.
#........# ##
##........# .....o....#
#........# #....ho..#
#<...o@..#
###......#####
#..###.....##########
...............^....>..
###..####...>...#######
#. #..#####.# # #.#.#
#.####### #.###.
#........ ..# #
#.######.


You could see a hound, an orc priest, an orc wizard and an orc.

Vanquished Creatures
  An ogre (D:4)
  2 orc priests (D:3)
  An orc wizard (D:4)
  A worker ant (D:3)
  5 adders
  3 gnolls (D:2)
  4 worms
  2 dart slugs
  2 leopard geckos (D:2)
  7 orcs
  5 bats
  4 giant cockroaches
  16 goblins
  10 hobgoblins
  3 jackals (D:3)
  A quokka (D:3)
  A ball python (D:3)
  7 frilled lizards
  8 kobolds
  A leopard gecko skeleton (D:4)
  10 rats
94 creatures vanquished.

Notes
Turn   | Place    | Note
-------+----------+-------------------------------------------
     0 | D:1      | Fang the Gargoyle Berserker began the quest for the Orb.
     0 | D:1      | Reached XP level 1. HP: 14/14 MP: 1/1
   327 | D:1      | Reached XP level 2. HP: 15/19 MP: 2/2
   339 | D:1      | Reached skill level 3 in Axes
   831 | D:1      | Reached XP level 3. HP: 17/24 MP: 3/3
  1069 | D:1      | Reached ** piety under Trog
  1365 | D:2      | Reached XP level 4. HP: 27/29 MP: 4/4
  1373 | D:2      | Reached skill level 1 in Stealth
  1705 | D:2      | Found a hazy altar of Hepliaklqana.
  2443 | D:3      | Reached skill level 4 in Axes
  2443 | D:3      | Reached XP level 5. HP: 29/33 MP: 5/5
  2844 | D:3      | Reached *** piety under Trog
  2846 | D:3      | Reached XP level 6. HP: 24/39 MP: 6/6
  3422 | D:4      | Reached skill level 5 in Axes
  3567 | D:4      | Found an iron altar of Okawaru.
  3952 | D:4      | Killed from afar by an orc priest

Skill      XL: |  1  2  3  4  5  6 |
---------------+-------------------+-----
Axes           | 3 4 5 |  5.1
Fighting       | 4 |  4.7
Dodging        | 2 |  2.7
Stealth        | 1 |  1.8
Armour         | |  2.3

Action                   |  1- 3 |  4- 6 || total
-------------------------+-------+-------++-------
Melee: Hand axe          |   120 |   182 ||   302
Invok: Berserk           |     2 |     5 ||     7
 Stab: Sleeping          |       |     2 ||     2
  Eat: Chunk             |     3 |    12 ||    15
Armor: Animal skin       |    33 |    81 ||   114
Dodge: Dodged            |    91 |   134 ||   225
